 Dungeon Crawl Stone Soup version 0.18-a0-1497-g788d838 (webtiles) character file.

137 mrath the Digger (level 5, -4/28 HPs)
             Began as a Gargoyle Earth Elementalist on Mar 5, 2016.
             Slain by an iguana (5 damage)
             ... on level 4 of the Dungeon.
             The game lasted 00:21:40 (3080 turns).

mrath the Digger (Gargoyle Earth Elementalist)      Turns: 3080, Time: 00:21:41

Health: -4/28      AC:  7    Str: 12    XL:     5   Next: 20%
Magic:  3/10       EV: 12    Int: 16    God:
Gold:   205        SH:  0    Dex: 10    Spells: 2 memorised, 7 levels left

rFire  . . .     SeeInvis .     b - 30 stones
rCold  . . .     Gourm    .     a - +0 robe
rNeg   + . .     Faith    .     (no shield)
rPois  ∞         Spirit   .     D - +0 helmet
rElec  +         Dismiss  .     (no cloak)
rCorr  .         Reflect  .     (no gloves)
SustAt .         Harm     .     (no boots)
MR     .....                    (no amulet)
Stlth  ++........               (no ring)
                                (no ring)

@: not resistant to hostile enchantments, unstealthy
A: negative energy resistance 1, electricity resistance, unbreathing,
petrification resistance, rot immunity, AC +4
a: no special abilities


You were on level 4 of the Dungeon.
You were hungry.

You visited 1 branch of the dungeon, and saw 4 of its levels.

You collected 205 gold pieces.

Inventory:

Hand Weapons
 i - a +0 dagger
 o - a +0 short sword
 p - a +2 vampiric dagger
 s - a +0 whip
 w - a +0 trident
 E - a +0 flail
Missiles
 b - 30 stones (in hand)
 m - 18 poisoned needles
 u - 20 sling bullets
 y - 2 needles of paralysis
 F - 6 tomahawks (quivered)
Armour
 a - a +0 robe (worn)
 D - a +0 helmet (worn)
Scrolls
 e - 2 scrolls of random uselessness {unknown}
 j - 4 scrolls of identify {unknown}
 l - a scroll of teleportation {unknown}
 n - 2 scrolls of remove curse {unknown}
 B - a scroll of recharging {unknown}
 C - a scroll of amnesia {unknown}
Potions
 f - a potion of heal wounds {unknown}
 g - 2 potions of invisibility {unknown}
 k - 2 potions of curing {unknown}
 r - 2 potions of agility {unknown}
 v - a potion of flight {unknown}
 A - a potion of degeneration {unknown}
Books
 c - a book of Geomancy

   Spells                             Type                      Level
   a - Sandblast                      Earth                        1
   b - Passwall                       Transmutation/Earth          2
   c - Stone Arrow                    Conjuration/Earth            3
   d - Petrify                        Transmutation/Earth          4
   e - Lee's Rapid Deconstruction     Earth                        5
 z - a book of Death

   Spells                             Type                      Level
   a - Corpse Rot                     Necromancy                   2
   b - Sublimation of Blood           Necromancy                   2
   c - Agony                          Necromancy                   5
   d - Dispel Undead                  Necromancy                   5
   e - Excruciating Wounds            Charms/Necromancy            5
   f - Bolt of Draining               Conjuration/Necromancy       5
Comestibles
 d - 4 bread rations
 h - 2 beef jerkies
 q - 3 fruits
 t - 3 meat rations
 x - a slice of pizza


   Skills:
 - Level 1.5 Dodging
 - Level 2.1 Stealth
 * Level 3.7 Spellcasting
 + Level 1.8 Conjurations
   Level 0.7 Transmutations
 + Level 4.8 Earth Magic


You had 7 spell levels left.
You knew the following spells:

 Your Spells              Type           Power        Failure   Level  Hunger
a - Sandblast             Erth           ###...       2%          1    None
b - Stone Arrow           Conj/Erth      ##....       14%         3    ###....


Dungeon Overview and Level Annotations

Branches:
Dungeon (4/15)
 Temple: D:4-7

Altars:
Gozag
Xom


Innate Abilities, Weirdness & Mutations

You are resistant to torment.
Your stone body is resilient (AC +4).
You are immune to poison.
You resist negative energy.
You are resistant to electric shocks.
You can survive without breathing.
You are immune to petrification.
You are immune to rotting.


Message History

The rocky blast hits the iguana.
The iguana is heavily wounded.
The iguana bites you!
Found a whip.
Casting: Sandblast
Confirm with . or Enter, or press ? or * to list all spells.
Aiming: Sandblast
Press: ? - help, Shift-Dir - straight line, f/p - iguana
Aim: an iguana (heavily wounded)
The rocky blast misses the iguana.
The iguana bites you!
* * * LOW HITPOINT WARNING * * *
Casting: Sandblast
Confirm with . or Enter, or press ? or * to list all spells.
Aiming: Sandblast
Press: ? - help, Shift-Dir - straight line, f/p - iguana
Aim: an iguana (heavily wounded)
The rocky blast hits the iguana.
The iguana is severely wounded.
The iguana bites you.
You die...

#. ##..#
#..........
###.#####..##
##.........
.)........##
#....##...
.........##
###.#### ##
.........# ##...#
........## #...##
........# #..##
........######.##
####......l@...#
##.
########<.#####...
#..........
###........#.
####..>.........
#.............#.
#..........####
#..........#
................


You could see an iguana.

Vanquished Creatures
  4 gnolls (D:3)
  2 adders
  3 oozes
  3 worms
  A dart slug (D:1)
  2 giant geckos (D:1)
  2 orcs (D:3)
  A giant cockroach (D:3)
  5 goblins
  8 hobgoblins
  3 jackals (D:2)
  2 quokkas (D:2)
  3 ball pythons (D:1)
  4 bats
  2 giant newts
  8 kobolds
  5 rats
58 creatures vanquished.

Notes
Turn   | Place    | Note
--------------------------------------------------------------
     0 | D:1      | mrath the Gargoyle Earth Elementalist began the quest for the Orb.
     0 | D:1      | Reached XP level 1. HP: 10/10 MP: 3/3
   217 | D:1      | Reached XP level 2. HP: 15/15 MP: 3/5
   266 | D:1      | Reached skill level 4 in Earth Magic
   757 | D:1      | Reached XP level 3. HP: 19/19 MP: 5/7
   785 | D:1      | Learned a level 3 spell: Stone Arrow
  1504 | D:2      | Found a faded altar to an unknown god.
  1839 | D:2      | Found a shimmering altar of Xom.
  1914 | D:2      | Found a shimmering altar of Xom.
  1916 | D:2      | Found a shimmering altar of Xom.
  1925 | D:2      | Reached XP level 4. HP: 22/24 MP: 0/8
  2230 | D:3      | Reached skill level 1 in Conjurations
  2794 | D:3      | Reached XP level 5. HP: 28/28 MP: 7/10
  3045 | D:4      | Found an opulent altar of Gozag.
  3078 | D:4      | HP: 1/28 [iguana (11)]
  3080 | D:4      | Slain by an iguana

Vault maps used:
D:1:      dpeg_arrival_pond
D:2:      serial_bayou, serial_bayou_lake_a, serial_bayou_shore_a,
          serial_bayou_lagoon_a, serial_bayou_pond_d, ecumenical_altar_2,
          xom_redecorated
D:4:      lemuel_temple_firewalk_marked, first_bread, grunt_gozag_statues

Skill      XL: |  1  2  3  4 |
---------------+-------------+-----
Earth Magic    | 4 |  4.8
Spellcasting   | 3 |  3.7
Conjurations   | 1 |  1.8
Dodging        | |  1.5
Stealth        | |  2.1
Transmutations | |  0.7

Action                   |  1- 3 |  4- 6 || total
-------------------------+-------+-------++-------
Melee: Short sword       |     8 |     2 ||    10
 Cast: Sandblast         |    73 |    55 ||   128
  Eat: Chunk             |     3 |     3 ||     6
